 Dungeon Crawl Stone Soup version 0.31-a0-236-g9a0961fb85 (webtiles) character file.

Game seed: 1146418956716658898

723 gruber the Basher (level 7, -5/57 HPs)
             Began as a Minotaur Fighter on July 10, 2023.
             Was an Initiate of Okawaru.
             Slain by an orc
             ... wielding a +0 short sword of electrocution
              (12 damage)
             ... on level 4 of the Dungeon.
             The game lasted 00:03:45 (3078 turns).

gruber the Basher (Minotaur Fighter)                Turns: 3078, Time: 00:03:46

Health: -5/57      AC:  8    Str: 22    XL:     7   Next: 43%
Magic:  6/6        EV:  9    Int:  5    God:    Okawaru [......]
Gold:   231        SH:  4    Dex: 10    Spells: 6/6 levels left

rFire   . . .        a - +0 flail
rCold   + . .        c - +0 buckler
rNeg    . . .        b - +0 scale mail
rPois   .            (helmet restricted)
rElec   .            u - +0 cloak
rCorr   .            (no gloves)
SInv    .            (no boots)
Will    .....        (no amulet) Stlth
                     r - ring of protection from cold
HPRegen 0.29/turn    (no ring)
MPRegen 0.10/turn

%: no passive effects
@: no status effects
A: horns 2, retaliatory headbutt
a: Renounce Religion


You were on level 4 of the Dungeon.
You worshipped Okawaru.
Okawaru was noncommittal.
You visited 1 branch of the dungeon, and saw 4 of its levels.

You collected 231 gold pieces.

Inventory:

Hand Weapons
 a - a +0 flail (weapon)
Missiles
 t - 6 curare-tipped darts
Armour
 b - a +0 scale mail (worn)
 c - a +0 buckler (worn)
 u - a +0 cloak (worn)
Jewellery
 r - a ring of protection from cold (left hand)
Wands
 d - a wand of flame (9)
 w - a wand of digging (1)
Scrolls
 e - 2 scrolls of noise {unknown}
 g - a scroll of enchant weapon {unknown}
 h - a scroll of amnesia {unknown}
 i - a scroll of poison {unknown}
 j - a scroll of summoning {unknown}
 k - 2 scrolls of fear {unknown}
 m - 3 scrolls of vulnerability {unknown}
 n - 2 scrolls of identify {unknown}
 q - a scroll of revelation {unknown}
 s - 2 scrolls of teleportation {unknown}
 y - a scroll of immolation {unknown}
Potions
 f - 2 potions of curing {unknown}
 l - 4 potions of degeneration {unknown}
 o - a potion of resistance {unknown}
 p - a potion of haste {unknown}
 v - a potion of lignification {unknown}
 x - a potion of enlightenment {unknown}
 z - a potion of mutation {unknown}


   Skills:
 - Level 3.6 Fighting
 + Level 10.2 Maces & Flails
 - Level 3.6 Armour
 - Level 3.6 Shields


You had 6 spell levels left.
You didn't know any spells.
Your spell library contained the following spells:

 Spells                   Type           Power      Damage    Failure   Level
 Magic Dart               Conj           0%         1d3       86%         1
 Lesser Beckoning         Tloc           0%         N/A       95%         2
 Sublimation of Blood     Necr           0%         N/A       95%         2
 Wereblood                Tmut           0%         N/A       95%         2
 Gell's Gravitas          Tloc           0%         N/A       99%         3
 Mephitic Cloud           Conj/Pois/Air  0%         N/A       99%         3
 Teleport Other           Tloc           0%         N/A       99%         3
 Call Imp                 Summ           Unusable   N/A       N/A         2
 Summon Hydra             Summ           Unusable   N/A       N/A         7

Dungeon Overview and Level Annotations

Branches:
Dungeon (4/15)
 Temple: D:4-7

Altars:
Cheibriados
Gozag
Nemelex Xobeh
Okawaru
Yredelemnul
Zin


Innate Abilities, Weirdness & Mutations

You have a pair of horns on your head.
You reflexively headbutt those who attack you in melee.


Message History

Okawaru accepts your kill.
You hit the orc wizard but do no damage.
Your headbutt misses the orc wizard.
The orc wizard hits you with a +0 dagger.
You closely miss the orc wizard. You headbutt the orc wizard!
The orc wizard is heavily wounded.
The orc wizard barely misses you.
You hit the orc wizard but do no damage.
The orc wizard is heavily wounded.
The orc wizard hits you with a +0 dagger.
You hit the orc wizard.
The orc wizard is severely wounded.
The orc misses you. The orc wizard barely misses you. You furiously retaliate!
You headbutt the orc wizard. You hit the orc wizard.
You kill the orc wizard!
Okawaru accepts your kill. The orc hits you but does no damage.
You sock the orc!
The orc is almost dead.
You block the orc's attack. x2
You hit the orc but do no damage.
The orc is almost dead.
The orc hits you but does no damage.
You are electrocuted!!
* * * LOW HITPOINT WARNING * * *
The orc hits you with a +0 hand axe of flaming.
* * * LOW HITPOINT WARNING * * *
The orc burns you.
* * * LOW HITPOINT WARNING * * *
You see here a ball python corpse.
You barely miss the orc. Your headbutt misses the orc.
The orc is almost dead.
The orc closely misses you. You furiously retaliate!
You headbutt the orc, but do no damage. You hit the orc but do no damage.
The orc is almost dead.
The orc hits you with a +0 short sword of electrocution.
* * * LOW HITPOINT WARNING * * *
You are electrocuted!
You die...

################.######.#
#............)...#......#
#.##############.#.####.#
### #.# #.#.#..#.# ..#
#.# ..o#########.#....#.#
..# #.#
.ooo.o†.o...:..##.#.##
..# #.#
.#o#####oo...........#
..###.# #o###.#.##.####
..'...# #@# #.#.##.#
..##### #.# #.#.##.# ###
#.# #.#.##.# # #.#
#.#.##.# # #.# #.#.##.# #
#.# #.#.##.# # #.# #.##.#
# #.# #.##.# # #.##.#


You could see an orc priest and 3 orcs.

Vanquished Creatures
  Grinder (D:3)
  An ogre (D:4)
  A kobold brigand (D:4)
  A scorpion (D:4)
  An orc priest (D:3)
  3 iguanas (D:4)
  2 orc wizards (D:4)
  4 adders
  5 worms
  4 dart slugs
  3 orcs
  7 ball pythons
  9 endoplasms
  6 giant cockroaches
  8 goblins
  10 hobgoblins
  A jackal (D:1)
  10 kobolds
  5 quokkas
  13 bats
  3 frilled lizards
  7 rats
105 creatures vanquished.

Notes
Turn   | Place    | Note
-------+----------+-------------------------------------------
     0 | D:1      | gruber the Minotaur Fighter began the quest for the Orb.
     0 | D:1      | Reached XP level 1. HP: 19/19 MP: 0/0
    60 | D:1      | Reached skill level 3 in Maces & Flails
    66 | D:1      | Reached XP level 2. HP: 20/26 MP: 1/1
   231 | D:1      | Reached skill level 4 in Maces & Flails
   338 | D:1      | Reached XP level 3. HP: 31/31 MP: 2/2
   753 | D:2      | Reached skill level 5 in Maces & Flails
   876 | D:2      | Reached XP level 4. HP: 39/39 MP: 3/3
  1258 | D:3      | Noticed Grinder
  1450 | D:3      | Paralysed by Grinder for 5 turns
  1460 | D:3      | Killed Grinder
  1461 | D:3      | Reached skill level 7 in Maces & Flails
  1461 | D:3      | Reached XP level 5. HP: 14/45 MP: 4/4
  1461 | D:3      | Reached XP level 6. HP: 16/51 MP: 5/5
  1881 | D:3      | Found an opulent altar of Gozag.
  1922 | D:3      | Found a glowing silver altar of Zin.
  2025 | D:4      | Reached skill level 8 in Maces & Flails
  2308 | D:4      | Reached skill level 9 in Maces & Flails
  2648 | D:4      | Found a basalt altar of Yredelemnul.
  2648 | D:4      | Found a sparkling altar of Nemelex Xobeh.
  2762 | D:4      | Reached XP level 7. HP: 44/57 MP: 6/6
  2833 | D:4      | Found an iron altar of Okawaru.
  2833 | D:4      | Found a snail-covered altar of Cheibriados.
  2933 | D:4      | Became a worshipper of Warmaster Okawaru
  3068 | D:4      | Reached skill level 10 in Maces & Flails
  3078 | D:4      | Slain by an orc

Illustrated notes

Levels and vault maps discovered:
D:1:      dpeg_arrival_signposts, layout_basic, st_stairs_11,
          hangedman_decor_growths, grunt_decor_cap
D:2:      layout_basic
D:3:      layout_basic, pdpol_temple_overflow_zin_treasury_gozag_greed,
          feat_on_display, uniq_grinder
D:4:      minmay_chambers_of_threes, layout_basic,
          mainiacjoe_overflow_big_doors, gammafunk_temple_overflow_pools,
          palyth_stone_intersect, grunt_ministairs_8

Skill      XL: |  1  2  3  4  5  6  7 |
---------------+----------------------+-----
Maces & Flails | 3 4 5 7 9 10 | 10.2
Fighting       | |  3.6
Armour         | |  3.6
Shields        | |  3.6

Action                     |  1- 3 |  4- 6 |  7- 9 || total
---------------------------+-------+-------+-------++-------
  Melee: Flail             |    98 |   128 |    24 ||   250
         Headbutt          |     7 |    22 |     3 ||    32
  Throw: Dart              |       |     1 |     2 ||     3
    Use: Potion            |       |     1 |       ||     1
 Armour: Scale mail        |    64 |    41 |     8 ||   113
  Dodge: Dodged            |    71 |    44 |     8 ||   123
  Block: Buckler           |    24 |    29 |     3 ||    56

Table legend: (Time is in decaauts)
 A = Elapsed time spent in this place.
 B = Non-inter-level travel time spent in this place.
 C = Inter-level travel time spent in this place.
 D = Time resting spent in this place.
 E = Time spent auto-exploring this place.
 F = Levels seen in this place.
 G = Mean time per level.
                   A        B        C        D        E       F      G
               +--------+--------+--------+--------+--------+-----+--------+
         Total |   3108 |   2952 |    156 |     59 |   2260 |   4 |  777.0 |
       Dungeon |   3108 |   2952 |    156 |     59 |   2260 |   4 |  777.0 |
               +--------+--------+--------+--------+--------+-----+--------+

Top non-repeatable levels by time:
     D:3: 913 daAuts
     D:4: 909 daAuts
     D:1: 695 daAuts
     D:2: 590 daAuts
